 Dungeon Sprint DCSS version 0.19-a0-1155-gb6eeeff (webtiles) character file.

6048 Jebus the Brawler (level 10, -3/88 HPs)
             Began as a Troll Monk on Aug 13, 2016.
             Was a High Priest of Okawaru.
             Slain by an unseen horror (7 damage)
             ... in the Dungeon (Sprint I: "Red Sonja").
             The game lasted 00:05:07 (1381 turns).

Jebus the Brawler (Troll Monk)                      Turns: 1381, Time: 00:05:08

Health: -3/88      AC:  5    Str: 21    XL:     10   Next: 57%
Magic:  15/17      EV: 14    Int:  6    God:    Okawaru [*****.]
Gold:   1180       SH:  0    Dex: 15    Spells: 0 memorised, 9 levels left

rFire  . . .     SeeInvis .       - Unarmed
rCold  . . .     Gourm    +     a - +0 robe
rNeg   . . .     Faith    .     (no shield)
rPois  .         Spirit   .     (helmet restricted)
rElec  .         Dismiss  .     (no cloak)
rCorr  .         Reflect  .     (gloves unavailable)
MR     .....     Harm     .     (boots unavailable)
Stlth  +++....... NoTele   +    (no amulet)
                                (no ring)
                                (no ring)

@: heroism
A: unfitting armour, claws 3, fast metabolism 3, gourmand, regeneration 2,
shaggy fur 1, tough skin 2
a: Heroism, Finesse, Renounce Religion


You were in the Dungeon.
You worshipped Okawaru.
Okawaru was extremely pleased with you.
You were not hungry.

You visited 1 branch You collected 1180 gold pieces.

Inventory:

Armour
 a - a +0 robe (worn)
Wands
 e - a wand of iceblast (10/15)
Scrolls
 h - a scroll of blinking
 l - a scroll of remove curse {unknown}
Potions
 c - a potion of curing
 f - 2 potions of magic
 i - a potion of flight
 n - a potion of might {unknown}
Comestibles
 b - 2 bread rations
 m - 2 meat rations


   Skills:
 - Level 2.4(7.4) Fighting
 - Level 2.4(7.4) Dodging
 - Level 1.1(6.1) Stealth
 * Level 20.4(25.4) Unarmed Combat
 + Level 11.3 Invocations


You had 9 spell levels left.
You didn't know any spells.

Dungeon Overview and Level Annotations

Branches:
Dungeon (1/1)

Altars:
Cheibriados
Dithmenos
Elyvilon
Fedhas
Gozag
Hepliaklqana
Kikubaaqudgha
Makhleb
Nemelex Xobeh
Okawaru
Pakellas
Qazlal
Ru
Sif Muna
Trog
Uskayaw
Vehumet
Xom
Yredelemnul
Zin
The Shining One
Jiyva

Shops:
D :=[


Innate Abilities, Weirdness & Mutations

You are too large for most types of armour.
You have claws for hands.
Your metabolism is lightning-fast.
You like to eat raw meat.
You heal very quickly.
You are covered in fur. (AC +1)
You have very tough skin. (AC +2)


Message History

You scratch something. Something hits you! Something hits you.
Something completely misses you. Something hits you. x4
* * * LOW HITPOINT WARNING * * *
Something hits you.
* * * LOW HITPOINT WARNING * * *
There is an open door, spattered with blood here.
You feel better. Something hits you!
* * * LOW HITPOINT WARNING * * *
Something hits you.
* * * LOW HITPOINT WARNING * * *
You gain the combat prowess of a mighty hero.
Something hits you!
* * * LOW HITPOINT WARNING * * *
Unknown command.
You closely miss something. Something hits you.
* * * LOW HITPOINT WARNING * * *
Something hits you but does no damage. Something barely misses you.
You barely miss something. Something hits you!
You die...

__##'#.§'§≈§§.§.§#.§...#
...'..._#(≈(§§#..#.....+
._##_)#'##§#####'###.§§#
__###'#.#(§[.###.'.#§§§#
#####(####'###.###.#§.##
...'...'.[...'.∩##.#..#
####...###########§##+#
###.###.......##§#
#.#'#.#.....§{@§§#
#.....#+++######§#
#...(.# #.# ####### +.#
###


There were no monsters in sight!

Vanquished Creatures
  2 centaur warriors (D)
  Sonja (D)
  A deep troll (D)
  A lindwurm (D)
  An oklob plant (D)
  A gargoyle (D)
  2 kobold demonologists (D)
  4 demonic crawlers (D)
  A slime creature (D)
  2 redbacks (D)
  Sigmund (D)
  A yak (D)
  A giant eyeball (D)
  A wasp (D)
  An ogre (D)
  A jelly (D)
  Ijyb (D)
  A ballistomycete (D)
24 creatures vanquished.

Vanquished Creatures (others)
  2 giant spores (D)
2 creatures vanquished.

Grand Total: 26 creatures vanquished

Notes
Turn   | Place    | Note
-------+----------+-------------------------------------------
     0 | D        | Jebus the Troll Monk began the quest for the Orb.
     0 | D        | Reached XP level 1. HP: 22/22 MP: 0/0
     2 | D        | Noticed Ijyb
    11 | D        | Killed Ijyb
    11 | D        | Reached skill level 6 in Unarmed Combat
    11 | D        | Reached XP level 2. HP: 26/29 MP: 1/1
    21 | D        | Noticed an ogre
    26 | D        | Killed an ogre
    26 | D        | Reached skill level 9 in Unarmed Combat
    26 | D        | Reached XP level 3. HP: 16/36 MP: 2/2
    26 | D        | Reached XP level 4. HP: 20/44 MP: 3/3
    73 | D        | Noticed Sigmund
    80 | D        | Killed Sigmund
    80 | D        | Reached skill level 12 in Unarmed Combat
    80 | D        | Reached XP level 5. HP: 30/50 MP: 4/4
   126 | D        | Found a deep blue altar of Sif Muna.
   128 | D        | Found a radiant altar of Vehumet.
   133 | D        | Reached XP level 6. HP: 52/59 MP: 5/5
   174 | D        | Found Qeemupnu's Jewellery Emporium.
   174 | D        | Found a white marble altar of Elyvilon.
   174 | D        | Found a stormy altar of Qazlal.
   174 | D        | Found a burning altar of Makhleb.
   174 | D        | Found a sacrificial altar of Ru.
   174 | D        | Found a hazy altar of Hepliaklqana.
   174 | D        | Found an oddly glowing altar of Pakellas.
   174 | D        | Found a hide-covered altar of Uskayaw.
   174 | D        | Found a basalt altar of Yredelemnul.
   174 | D        | Found a glowing golden altar of the Shining One.
   174 | D        | Found a sparkling altar of Nemelex Xobeh.
   174 | D        | Found a shimmering altar of Xom.
   174 | D        | Found an opulent altar of Gozag.
   174 | D        | Found an ancient bone altar of Kikubaaqudgha.
   174 | D        | Found a glowing silver altar of Zin.
   174 | D        | Noticed a yak
   178 | D        | Killed a yak
   178 | D        | Reached skill level 14 in Unarmed Combat
   179 | D        | Found an iron altar of Okawaru.
   180 | D        | Found a bloodstained altar of Trog.
   227 | D        | Became a worshipper of Warmaster Okawaru
   227 | D        | Reached * piety under Okawaru
   227 | D        | Reached ** piety under Okawaru
   242 | D        | Found a snail-covered altar of Cheibriados.
   242 | D        | Found a viscous altar of Jiyva.
   242 | D        | Found a shadowy altar of Dithmenos.
   242 | D        | Found a blossoming altar of Fedhas.
   242 | D        | Noticed a slime creature
   245 | D        | Killed a slime creature
   245 | D        | Reached XP level 7. HP: 55/66 MP: 5/8
   283 | D        | Noticed a kobold demonologist
   284 | D        | Noticed a kobold demonologist
   286 | D        | Paralysed by a giant eyeball for 4 turns
   287 | D        | Noticed a sixfirhy
   289 | D        | Noticed a ynoxinul
   290 | D        | Noticed a chaos spawn
   291 | D        | Reached skill level 15 in Unarmed Combat
   295 | D        | Killed a kobold demonologist
   295 | D        | Reached skill level 5 in Invocations
   298 | D        | Killed a kobold demonologist
   298 | D        | Reached *** piety under Okawaru
   298 | D        | Reached skill level 16 in Unarmed Combat
   298 | D        | Reached XP level 8. HP: 36/74 MP: 6/11
   378 | D        | Noticed Sonja
   388 | D        | Killed Sonja
   388 | D        | Reached skill level 17 in Unarmed Combat
   478 | D        | Found Nimomotifri's Book Boutique.
   508 | D        | Noticed a deep troll
   515 | D        | Killed a deep troll
   515 | D        | Reached **** piety under Okawaru
   515 | D        | Reached XP level 9. HP: 60/80 MP: 10/14
   548 | D        | Found Nanuz's Armour Emporium.
   571 | D        | Noticed a centaur warrior
   571 | D        | Noticed a centaur warrior
   573 | D        | HP: 2/80 [centaur warrior (3)]
   581 | D        | Killed a centaur warrior
   581 | D        | Reached skill level 18 in Unarmed Combat
   584 | D        | HP: 4/120 [centaur warrior (6)]
   585 | D        | Killed a centaur warrior
   585 | D        | Reached ***** piety under Okawaru
   585 | D        | Reached skill level 19 in Unarmed Combat
   701 | D        | Paralysed by a wasp for 2 turns
   794 | D        | Noticed an oklob plant
   804 | D        | Killed an oklob plant
   804 | D        | Reached skill level 10 in Invocations
   804 | D        | Reached XP level 10. HP: 28/88 MP: 16/16
  1157 | D        | Noticed a lindwurm
  1162 | D        | Killed a lindwurm
  1162 | D        | Reached skill level 20 in Unarmed Combat
  1189 | D        | Noticed a gargoyle
  1197 | D        | Killed a gargoyle
  1197 | D        | Received a gift from Okawaru
  1378 | D        | HP: 4/88 [something (10)]
  1381 | D        | Slain by an unseen horror

Vault maps used:
D:        dungeon_sprint_1

Skill      XL: |  1  2  3  4  5  6  7  8  9 10 |
---------------+-------------------------------+-----
Unarmed Combat | 6 9 12 14 16 17 19 20 | 20.4
Invocations    | 2 5 8 10 11 | 11.3
Fighting       | |  2.4
Dodging        | |  2.4
Stealth        | |  1.1

Action                   |  1- 3 |  4- 6 |  7- 9 | 10-12 || total
-------------------------+-------+-------+-------+-------++-------
Melee: Unarmed           |    12 |    16 |    42 |    28 ||    98
       Punch             |       |     2 |     8 |     6 ||    16
Invok: Heroism           |       |       |     2 |     2 ||     4
       Finesse           |       |       |       |     1 ||     1
  Use: Potion            |       |       |     3 |     3 ||     6
       Scroll            |       |       |       |     2 ||     2
 Stab: Sleeping          |       |       |     1 |       ||     1
  Eat: Chunk             |     1 |       |     8 |       ||     9
       Bread ration      |       |       |       |     1 ||     1
Armor: Robe              |     1 |       |     7 |    12 ||    20
Dodge: Dodged            |     1 |     4 |    21 |    21 ||    47
